 Dungeon Crawl Stone Soup version 0.20.1-2-g1830e616b0 (webtiles) character file.

306 Alfie the Shooter (level 6, -7/47 HPs)
             Began as a Human Hunter on Jan 13, 2020.
             Killed from afar by an orc wizard (9 damage)
             ... with a puff of frost
             ... on level 4 of the Dungeon.
             The game lasted 00:14:31 (3074 turns).

Alfie the Shooter (Human Hunter)                    Turns: 3074, Time: 00:14:32

Health: -7/47      AC:  3    Str: 15    XL:     6   Next: 67%
Magic:  6/6        EV: 12    Int: 11    God:
Gold:   195        SH:  0    Dex: 13    Spells: 5/5 levels left

rFire    . . .     SeeInvis .   b - +1 short sword
rCold    . . .     Gourm    .   (no shield)
rNeg     . . .     Faith    .   c - +0 leather armour
rPois    .         Spirit   .   (no helmet)
rElec    .         Reflect  .   (no cloak)
rCorr    .         Harm     .   (no gloves)
MR       .....                  (no boots)
Stlth    +.........             (no amulet)
Regen    0.2/turn               (no ring)
MPRegen  0.1/turn               (no ring)

@: no status effects
A: no striking features
a: no special abilities


You were on level 4 of the Dungeon.
You were not hungry.

You visited 1 branch of the dungeon, and saw 5 of its levels.

You collected 195 gold pieces.

Inventory:

Hand Weapons
 a - a +1 shortbow
 b - a +1 short sword (weapon)
Missiles
 d - 10 arrows
Armour
 c - a +0 leather armour (worn)
Jewellery
 r - a cursed amulet of inaccuracy {unknown}
Wands
 q - a wand of polymorph (7/24)
Scrolls
 j - 2 scrolls of identify
 m - 4 scrolls of teleportation
 o - a scroll of fog {unknown}
 p - a scroll of magic mapping
 s - a scroll of noise {unknown}
 u - a scroll of remove curse
Potions
 e - 2 potions of agility {unknown}
 h - a potion of magic {unknown}
 i - a potion of cancellation {unknown}
 k - 2 potions of curing
 l - a potion of lignification {unknown}
 n - a potion of flight {unknown}
 t - a potion of degeneration {unknown}
Comestibles
 f - 2 bread rations
 g - 5 meat rations


   Skills:
 + Level 3.4 Fighting
 + Level 1.5 Short Blades
 + Level 6.1 Bows
 + Level 1.7 Armour
 + Level 2.4 Dodging
 + Level 1.1 Stealth


You had 5 spell levels left.
You didn't know any spells.

Dungeon Overview and Level Annotations

Branches:
Dungeon (5/15)
 Temple: D:4-7

Altars:
Trog


Message History

* * * LOW HITPOINT WARNING * * *
The orc wizard hits you with a dagger.
* * * LOW HITPOINT WARNING * * *
You barely miss the orc wizard.
The orc wizard is lightly wounded.
The orc wizard barely misses you.
You hit the orc wizard.
The orc wizard is heavily wounded.
The orc wizard hits you with a dagger.
* * * LOW HITPOINT WARNING * * *
The orc wizard miscasts a cantrip.
You closely miss the orc wizard.
The orc wizard is heavily wounded.
The orc wizard hits you with a dagger.
* * * LOW HITPOINT WARNING * * *
You hit the orc wizard.
The orc wizard is severely wounded.
The orc wizard points at you and mumbles some strange words.
The puff of frost hits you!
You die...

....####### #..#
###.).... ..###
##..# ######. .##
##.### ## ## ##.##
# ## ##.## #### .##
#.## #######..##
..## #.##
##.........# #..##
#..####.[######..##
##..## ##..@oo..##
##..### ##...#
#####....## ##....
#...## ##>....##
##<.. ..### ###
##..###..## ##..
### ##.## #..##
###.## ##.. ##...#
##.## ##.## #..#
#....# #..#
##.###.## ####
#....## ##.#####
##....## ...#
####..## #รท....##
#^..###


You could see an orc wizard and an orc.

Vanquished Creatures
  Blork the orc (D:4)
  2 hounds (D:4)
  An orc wizard (D:4)
  A worker ant (D:4)
  6 adders
  3 worms
  2 dart slugs (D:1)
  4 leopard geckos
  5 orcs (D:4)
  5 giant cockroaches
  6 goblins
  6 hobgoblins
  7 jackals
  5 bats
  2 frilled lizards
  4 kobolds
  A quokka skeleton (D:4)
  12 rats
73 creatures vanquished.

Notes
Turn   | Place    | Note
-------+----------+-------------------------------------------
     0 | D:1      | Alfie the Human Hunter began the quest for the Orb.
     0 | D:1      | Reached XP level 1. HP: 16/16 MP: 1/1
   101 | D:1      | Reached XP level 2. HP: 16/22 MP: 2/2
   425 | D:1      | Reached XP level 3. HP: 27/27 MP: 3/3
  1291 | D:2      | Reached XP level 4. HP: 30/34 MP: 4/4
  1448 | D:2      | Reached skill level 5 in Bows
  1848 | D:3      | Noticed a moth of wrath
  1851 | D:3      | Found a bloodstained altar of Trog.
  2191 | D:3      | Reached XP level 5. HP: 40/40 MP: 5/5
  2355 | D:4      | Reached skill level 1 in Armour
  2444 | D:4      | Reached skill level 1 in Short Blades
  2633 | D:4      | Reached XP level 6. HP: 36/47 MP: 6/6
  2838 | D:4      | Noticed Blork the orc
  2848 | D:4      | Killed Blork the orc
  2848 | D:4      | Reached skill level 6 in Bows
  3052 | D:5      | Entered Level 5 of the Dungeon
  3073 | D:4      | HP: 2/47 [orc wizard/dagger (5)]
  3074 | D:4      | Killed from afar by an orc wizard

Skill      XL: |  1  2  3  4  5  6 |
---------------+-------------------+-----
Bows           | 5 6 |  6.1
Armour         | 1 |  1.7
Fighting       | 3 |  3.4
Short Blades   | 1 |  1.5
Dodging        | |  2.4
Stealth        | |  1.1

Action                   |  1- 3 |  4- 6 || total
-------------------------+-------+-------++-------
Melee: Short sword       |     6 |    57 ||    63
 Fire: Shortbow          |    77 |   118 ||   195
  Use: Scroll            |     1 |     8 ||     9
       Potion            |       |     4 ||     4
  Eat: Bread ration      |     1 |     1 ||     2
Armor: Leather armour    |     4 |    26 ||    30
Dodge: Dodged            |    24 |    76 ||   100
